 Dungeon Crawl Stone Soup version 0.31.0-12-g77e489cdc1 (webtiles) character file.

Game seed: 9624118038435203468

64 Aldia the Firebug (level 3, -2/28 HPs)
             Began as a Draconian Fire Elementalist on Feb 13, 2024.
             Slain by an ogre
             ... wielding a +0 giant spiked club
              (17 damage)
             ... on level 3 of the Dungeon.
             The game lasted 00:02:42 (1774 turns).

Aldia the Firebug (Draconian Fire Elementalist)     Turns: 1774, Time: 00:02:43

Health: -2/28      AC:  7    Str: 10    XL:     3   Next: 91%
Magic:  6/15       EV: 12    Int: 17    God:
Gold:   109        SH:  0    Dex: 11    Spells: 3/6 levels left

rFire   . . .        i - +1 dagger (vamp)
rCold   . . .        (no shield)
rNeg    . . .        (body armour unavailable)
rPois   .            (helmet restricted)
rElec   .            m - +0 cloak
rCorr   .            p - +0 pair of gloves
SInv    .            (no boots)
Will    .....        l - amulet of regeneration
Stlth   ++           k - ring of magical power
HPRegen 1.04/turn    (no ring)
MPRegen 0.14/turn

%: no passive effects
@: very slightly contaminated
A: AC +5, unfitting armour, cold-blooded
a: no special abilities


You were on level 3 of the Dungeon.
You visited 1 branch of the dungeon, and saw 3 of its levels.

You collected 109 gold pieces.

Inventory:

Hand Weapons
 c - a +0 scimitar
 i - a +1 vampiric dagger (weapon)
Armour
 m - a +0 cloak (worn)
 p - a +0 pair of gloves (worn)
Jewellery
 k - a ring of magical power (left hand)
 l - an amulet of regeneration (around neck)
Scrolls
 b - a scroll of teleportation {unknown}
 g - a scroll of fear {unknown}
 q - a scroll of identify {unknown}
 r - a scroll of brand weapon {unknown}
Potions
 a - a potion of magic
 d - a potion of attraction {unknown}
 e - 2 potions of heal wounds {unknown}
 f - a potion of lignification {unknown}
 h - a potion of resistance {unknown}
 j - a potion of degeneration {unknown}
 n - a potion of curing {unknown}
 o - a potion of ambrosia {unknown}


   Skills:
 + Level 1.4 Fighting
 - Level 1.7 Dodging
 - Level 1.7 Stealth
 + Level 2.4 Spellcasting
 + Level 1.9 Conjurations
 * Level 3.8 Fire Magic


You had 3 spell levels left.
You knew the following spells:

 Your Spells              Type           Power      Damage    Failure   Level
a - Foxfire               Conj/Fire      44%        2x1d6     5%          1
b - Scorch                Fire           30%        2d6       6%          2

Your spell library contained the following spells:

 Spells                   Type           Power      Damage    Failure   Level
 Inner Flame              Hex/Fire       8%         N/A       26%         3
 Volatile Blastmotes      Fire/Tloc      16%        2d11      26%         3
 Stone Arrow              Conj/Erth      10%        3d7       36%         3
 Flame Wave               Conj/Fire      11%        2d6       50%         4
 Lehudib's Crystal Spear  Conj/Erth      2%         10d2      100%        8
 Animate Armour           Summ/Erth      Unusable   N/A       N/A         4

Dungeon Overview and Level Annotations

Branches:
Dungeon (3/15)

Altars:
Yredelemnul


Innate Abilities, Weirdness & Mutations

Your plain brown scales are hard. (AC +5)
You cannot fit into any form of body armour.
You are cold-blooded and may be slowed by cold attacks.


Message History

The goblin is almost dead.
The goblin misses you.
You closely miss the goblin.
Your tail-slap misses the goblin.
The goblin is almost dead.
The goblin barely misses you.
You closely miss the goblin. Your punch misses the goblin.
The goblin is almost dead.
The goblin hits you but does no damage.
You barely miss the goblin.
The goblin is almost dead.
The goblin barely misses you.
You hit the goblin.
You kill the goblin!
Flames lash the goblin.
You kill the goblin!
The ogre misses you.
You aren't carrying any items that you can evoke.
Flames lash the ogre.
The ogre is lightly wounded.
The ogre's fire resistance burns away.
Flames lash the ogre.
The ogre is burned terribly!
The ogre is lightly wounded.
The ogre barely misses you.
You miscast Scorch.
You are very lightly contaminated with residual magic.
Nothing appears to happen.
The ogre hits you with a +0 giant spiked club!
Ouch! That really hurt!
You are too injured to fight recklessly!
You are too injured to fight recklessly!
Casting: Scorch (safe; 6% risk of failure)
Confirm with . or Enter, or press ? or * to list all spells.
You conjure some foxfire!
Your foxfire dissipates!
The foxfire hits the ogre!
The ogre is burned terribly!
The ogre is heavily wounded.
The ogre attacks as it pursues you!
The ogre hits you with a +0 giant spiked club!
Ouch! That really hurt!
You die...

#.# #.#
#.# #.#
##.##
##...#
#....#
#....#
#ยง@###
#####O#
#.g.#)#
#.(.gg#
#.(.###
####


You could see an ogre (combustible) and 2 goblins.

Vanquished Creatures
  An adder (D:2)
  2 dart slugs (D:2)
  An endoplasm (D:1)
  3 giant cockroaches (D:1)
  6 goblins
  3 hobgoblins (D:1)
  4 jackals (D:1)
  3 quokkas
  5 ball pythons
  6 bats
  4 frilled lizards
  5 kobolds
  4 rats (D:1)
47 creatures vanquished.

Vanquished Creatures (others)
  9 foxfires
9 creatures vanquished.

Grand Total: 56 creatures vanquished

Notes
Turn   | Place    | Note
-------+----------+-------------------------------------------
     0 | D:1      | Aldia the Draconian Fire Elementalist began the quest for
                  | the Orb.
     0 | D:1      | Reached XP level 1. HP: 14/14 MP: 3/3
   232 | D:1      | Reached XP level 2. HP: 22/22 MP: 5/5
   235 | D:1      | Learned a level 2 spell: Scorch
   425 | D:1      | Reached skill level 1 in Fighting
   673 | D:1      | Reached XP level 3. HP: 28/28 MP: 3/6
  1243 | D:2      | Found a basalt altar of Yredelemnul.
  1747 | D:3      | Noticed an ogre
  1774 | D:3      | Slain by an ogre

Illustrated notes

Levels and vault maps discovered:
D:1:      dpeg_arrival_solitude, layout_basic, serial_glass, glass_columns_a,
          glass_columns_a, item_on_display_a, minmay_misc_feat_tower,
          minmay_misc_feat_square
D:2:      layout_rooms, basic_altar, kennysheep_doodads,
          chequers_serial_rivers_small_3, hex_intersection, chequers_arboretum
D:3:      layout_loops_ring, hellmonk_ecumenical_altar_watching_god,
          minmay_ogre_servants, uniq_crazy_yiuf_cottage

Skill      XL: |  1  2 |
---------------+-------+-----
Fighting       | 1 |  1.4
Dodging        | |  1.7
Stealth        | |  1.7
Spellcasting   | |  2.4
Conjurations   | |  1.9
Fire Magic     | |  3.8

Action                     || total
---------------------------++-------
  Melee: Scimitar          ||    40
         Tailslap          ||     6
         Dagger            ||    40
   Cast: Foxfire           ||     7
         Scorch            ||    23
   Stab: Sleeping          ||     7
 Armour: Skin              ||    53
  Dodge: Dodged            ||    58
